 Dungeon Crawl Stone Soup version 0.30-a0-738-g116ff8c4af (webtiles) character file.

Game seed: 14341640196399247557

3350 bmack86 the Cleaver (level 9, -3/79 HPs)
             Began as a Minotaur Fighter on Feb 4, 2023.
             Was a Follower of Okawaru.
             Succumbed to an orc wizard's poison
             ... on level 7 of the Dungeon.
             The game lasted 00:17:24 (6653 turns).

bmack86 the Cleaver (Minotaur Fighter)              Turns: 6653, Time: 00:17:24

Health: -3/79      AC: 16    Str: 25    XL:     9   Next: 72%
Magic:  9/9        EV:  7    Int:  5    God:    Okawaru [*.....]
Gold:   481        SH:  5    Dex: 10    Spells: 8/8 levels left

rFire   . . .      SeeInvis .    a - +1 war axe
rCold   . . .      Faith    .    c - +0 buckler
rNeg    . . .      Spirit   .    k - +0 plate armour
rPois   .          Reflect  .    (helmet restricted)
rElec   .          Harm     .    s - +0 cloak
rCorr   .          Rampage  .    l - +0 pair of gloves
Will    .....                    (no boots) Stlth
                                 (no amulet)
HPRegen 0.33/turn                i - ring of flight
MPRegen 0.11/turn                (no ring)

@: lethally poisoned (-3 -> -32), flying
A: horns 2, retaliatory headbutt
a: Renounce Religion, Heroism


You were on level 7 of the Dungeon.
You worshipped Okawaru.
Okawaru was aware of your devotion.
You visited 2 branches of the dungeon, and saw 8 of its levels.
You also visited: Sewer.

You collected 481 gold pieces.

Inventory:

Hand Weapons
 a - a +1 war axe (weapon)
 e - a +1 hand axe of freezing
Missiles
 j - 12 poisoned darts
 r - a silver boomerang (quivered)
 A - 8 javelins
 E - 2 boomerangs
Armour
 b - a +0 scale mail
 c - a +0 buckler (worn)
 k - a +0 plate armour (worn)
 l - a +0 pair of gloves (worn)
 s - a +0 cloak (worn)
Jewellery
 i - a ring of flight (left hand)
 w - an amulet of magic regeneration
Wands
 q - a wand of flame (28)
 y - a wand of iceblast (21)
Scrolls
 n - 2 scrolls of magic mapping
 p - 3 scrolls of fog
 t - 2 scrolls of amnesia
 B - a scroll of fear
 F - a scroll of identify
Potions
 d - 4 potions of might
 f - 3 potions of curing
 g - a potion of flight {unknown}
 h - 2 potions of lignification
 m - a potion of haste {unknown}
 o - 3 potions of magic {unknown}
 u - a potion of berserk rage {unknown}
 v - 5 potions of heal wounds
 x - 2 potions of resistance
 z - 2 potions of mutation {unknown}
 C - a potion of brilliance {unknown}
 D - a potion of invisibility {unknown}
 G - 2 potions of cancellation {unknown}


   Skills:
 + Level 7.6 Fighting
 * Level 9.7 Axes
 + Level 5.3 Throwing
 + Level 7.6 Armour
 + Level 7.5 Shields
 + Level 2.3 Invocations


You had 8 spell levels left.
You didn't know any spells.
Your spell library contained the following spells:

 Spells                   Type           Power      Damage    Failure   Level
 Magic Dart               Conj           0%         1d3       100%        1
 Searing Ray              Conj           0%         2d4       100%        2
 Fulminant Prism          Conj/Hex       0%         3d5       100%        4
 Borgnjor's Vile Clutch   Necr/Erth      0%         N/A       100%        5
 Animate Dead             Necr           Unusable   N/A       N/A         4
 Death Channel            Necr           Unusable   N/A       N/A         6

Dungeon Overview and Level Annotations

Branches:
Dungeon (7/15)             Temple (1/1) D:6           Sewer (visited)

Altars:
Dithmenos
Kikubaaqudgha
Okawaru
Qazlal
Vehumet
Wu Jian


Innate Abilities, Weirdness & Mutations

You have a pair of horns on your head.
You reflexively headbutt those who attack you in melee.


Message History

You are more poisoned.
You block the orc wizard's attack.
You hit the orc wizard but do no damage.
Your headbutt misses the orc wizard. You miss something.
You feel extremely sick. Something hits you.
You are more poisoned.
The orc wizard barely misses you.
You hit the orc wizard. Your headbutt misses the orc wizard.
The orc wizard is heavily wounded.
You barely miss something.
You feel extremely sick. Something hits you but does no damage.
The orc wizard hits you but does no damage.
You slash the orc wizard!
You kill the orc wizard!
Okawaru accepts your kill.
You barely miss something.
You feel extremely sick. Something hits you but does no damage.
You are lethally poisoned!
You feel extremely sick. Something hits you but does no damage.
You are more poisoned.
Things that are here:
a +0 dagger; a +0 robe
* * * LOW HITPOINT WARNING * * *
You feel extremely sick. Something hits you but does no damage.
You are more poisoned.
* * * LOW HITPOINT WARNING * * *
You feel extremely sick. Something completely misses you.
You hit something.
* * * LOW HITPOINT WARNING * * *
You feel extremely sick. Something hits you but does no damage.
You are more poisoned.
You hit something.
You die...

#### ############ #...
#..........# #...
#....@{)...# #...
#.....))...# #####...
#.....##.$.# #.....##
#.....##..## #.....#.
####+###...# #.....#.
#......#..#####.....#.
#......#..#....######.
#......#..#....# #..
#......#..#....# #..


There were no monsters in sight!

Vanquished Creatures
  Pikel (D:6)
  A hornet (D:7)
  2 steam dragons
  A water moccasin (D:5)
  2 black bears
  4 sky beasts
  2 ice beasts (D:7)
  A centaur (D:6)
  A lemure (D:6)
  4 phantoms
  A kobold brigand (D:6)
  A necrophage (D:7)
  4 bullfrogs
  4 scorpions
  2 vampire bats (D:3)
  A howler monkey (D:6)
  2 gnoll boudas
  An orc priest (D:7)
  A hound (D:5)
  2 jellies (D:5)
  An iguana (D:6)
  An orc wizard (D:7)
  3 gnolls (D:7)
  14 adders
  2 river rats (Sewer)
  An ufetubus (D:5)
  4 worms
  4 dart slugs
  17 orcs
  15 ball pythons
  6 endoplasms
  6 giant cockroaches
  11 goblins
  7 hobgoblins
  8 jackals
  4 quokkas
  14 bats
  8 frilled lizards
  6 kobolds
  27 rats
197 creatures vanquished.

Vanquished Creatures (others)
  19 plants (D:4)
19 creatures vanquished.

Grand Total: 216 creatures vanquished

Notes
Turn   | Place    | Note
-------+----------+-------------------------------------------
     0 | D:1      | bmack86 the Minotaur Fighter began the quest for the Orb.
     0 | D:1      | Reached XP level 1. HP: 19/19 MP: 0/0
   171 | D:1      | Found a faded altar of an unknown god.
   278 | D:1      | Reached XP level 2. HP: 17/27 MP: 1/1
   318 | D:1      | Reached skill level 3 in Axes
   823 | D:2      | Reached XP level 3. HP: 33/33 MP: 2/2
  1371 | D:2      | Reached XP level 4. HP: 23/40 MP: 3/3
  1686 | D:3      | Reached skill level 1 in Throwing
  2002 | D:3      | Reached skill level 4 in Axes
  2002 | D:3      | Reached XP level 5. HP: 44/47 MP: 4/4
  2793 | D:4      | Reached XP level 6. HP: 53/53 MP: 5/5
  2923 | D:4      | Reached skill level 5 in Axes
  2925 | D:4      | Reached skill level 5 in Fighting
  2925 | D:4      | Reached skill level 5 in Armour
  3045 | D:4      | Reached skill level 5 in Shields
  3078 | D:4      | Reached XP level 7. HP: 61/61 MP: 6/6
  3351 | D:5      | Entered Level 5 of the Dungeon
  3439 | D:5      | Reached skill level 6 in Axes
  3931 | D:5      | Reached skill level 7 in Axes
  3931 | D:5      | Reached XP level 8. HP: 63/70 MP: 7/7
  4253 | D:6      | Noticed Pikel
  4265 | D:6      | Killed Pikel
  4266 | D:6      | Reached skill level 8 in Axes
  4363 | D:6      | Found a glowing drain.
  4374 | Sewer    | Entered a sewer
  4645 | Sewer    | Reached XP level 9. HP: 63/78 MP: 8/8
  4761 | D:6      | Found a staircase to the Ecumenical Temple.
  4790 | Temple   | Entered the Ecumenical Temple
  4845 | Temple   | Became a worshipper of Warmaster Okawaru
  5189 | D:6      | Reached skill level 9 in Axes
  5189 | D:6      | Reached skill level 1 in Invocations
  5671 | D:7      | Reached skill level 5 in Throwing
  5964 | D:7      | Found a stormy altar of Qazlal.
  6341 | D:7      | Paralysed by a hornet for 2 turns
  6344 | D:7      | Reached * piety under Okawaru
  6652 | D:7      | HP: 3/79 [poisoned by an orc wizard]
  6653 | D:7      | Succumbed to an orc wizard's poison

Illustrated notes

Levels and vault maps discovered:
D:1:      co_arrival_hexagon_in_a_hexagon, layout_basic,
          shapermc_ecumenical_altar_starsandcircs, amcnicky_mini_pool_small,
          chequers_serial_rivers_large_a, minmay_tall_x
D:2:      layout_loops_corners, kennysheep_generic_room_14
D:3:      layout_basic, hangedman_feature_mirror, roderic_batcave
D:4:      minmay_opposing_rooms, layout_basic, serial_bayou_lagoon_a
D:5:      minmay_skewed_foursquare, layout_basic
D:6:      layout_basic, minmay_temple_entry_butterflies, portal_sewer_entry_d,
          uniq_pikel
D:7:      layout_gridville, nicolae_overflow_crystal_walls
Temple:   nicolae_temple_slightly_damp_pantheon

Skill      XL: |  1  2  3  4  5  6  7  8  9 |
---------------+----------------------------+-----
Axes           | 3 4 5 7 8 9 |  9.7
Armour         | 4 5 6 7 |  7.6
Shields        | 4 5 6 7 |  7.5
Fighting       | 4 5 6 7 |  7.6
Throwing       | 1 2 3 4 5 |  5.3
Invocations    | 2 |  2.3

Action                     |  1- 3 |  4- 6 |  7- 9 || total
---------------------------+-------+-------+-------++-------
  Melee: War axe           |    68 |   118 |   285 ||   471
         Headbutt          |     9 |    14 |    51 ||    74
    Use: Scroll            |     1 |     5 |     9 ||    15
         Potion            |       |     1 |     1 ||     2
 Armour: Scale mail        |    51 |     4 |       ||    55
         Plate armour      |       |   110 |   237 ||   347
  Dodge: Dodged            |    43 |    56 |    98 ||   197
  Block: Buckler           |    19 |    32 |    86 ||   137

Table legend: (Time is in decaauts)
 A = Elapsed time spent in this place.
 B = Non-inter-level travel time spent in this place.
 C = Inter-level travel time spent in this place.
 D = Time resting spent in this place.
 E = Time spent auto-exploring this place.
 F = Levels seen in this place.
 G = Mean time per level.
                   A        B        C        D        E       F      G
               +--------+--------+--------+--------+--------+-----+--------+
         Total |   6766 |   6644 |    122 |      0 |   4444 |   9 |  751.8 |
       Dungeon |   6374 |   6252 |    122 |      0 |   4444 |   7 |  910.6 |
        Temple |     88 |     88 |      0 |      0 |      0 |   1 |   88.0 |
         Sewer |    303 |    303 |      0 |      0 |      0 |   1 |  303.0 |
               +--------+--------+--------+--------+--------+-----+--------+

Top non-repeatable levels by time:
     D:7: 1115 daAuts
     D:6: 929 daAuts
     D:2: 912 daAuts
     D:5: 909 daAuts
     D:4: 907 daAuts
     D:3: 800 daAuts
     D:1: 800 daAuts
   Sewer: 303 daAuts
  Temple: 88 daAuts
